 Dungeon Crawl Stone Soup version 0.28-a0-1524-ge72afd5fc6 (webtiles) character file.

Game seed: 12458508645640133819

354 HallandMoats the Skirmisher (level 6, -3/50 HPs)
             Began as a Ghoul Fighter on Jan 18, 2022.
             Was a Priest of Hepliaklqana.
             Slain by an ogre (9 damage)
             ... on level 4 of the Dungeon.
             The game lasted 00:06:32 (3882 turns).

HallandMoats the Skirmisher (Ghoul Fighter)         Turns: 3882, Time: 00:06:33

Health: -3/50      AC:  9    Str: 20    XL:     6   Next: 63%
Magic:  5/5        EV: 11    Int:  5    God:    Hepliaklqana [***...]
Gold:   145        SH:  5    Dex: 16    Spells: 5/5 levels left

rFire   . . .      SeeInvis .   j - +1 dagger (freeze)
rCold   + . .      Faith    .   c - +0 buckler
rNeg    + + +      Spirit   .   r - +4 ring mail of Serac {Harm Dex+2 Stlth-}
rPois   ∞          Reflect  .   (no helmet)
rElec   .          Harm     +   (no cloak)
rCorr   .          Rampage  .   (no gloves)
Will    .....                   (no boots)
Stlth   ..........              (no amulet)
HPRegen 0.00/turn               q - +6 ring of dexterity
MPRegen 0.09/turn               (no ring)

@: inhibited regen
A: reduced essence, claws 1, cold resistance 1, negative energy resistance 3,
inhibited regeneration, torment resistance 2
a: Renounce Religion, Recall Ancestor, Ancestor Identity, Transference


You were on level 4 of the Dungeon.
You worshipped Hepliaklqana.
Hepliaklqana was most pleased with you.
You visited 1 branch of the dungeon, and saw 4 of its levels.

You collected 145 gold pieces.

Inventory:

Hand Weapons
 a - a +0 war axe
 j - a +1 dagger of freezing (weapon)
Armour
 c - a +0 buckler (worn)
 r - the +4 ring mail of Serac (worn) {Harm Dex+2 Stlth-}
   (You found it on level 4 of the Dungeon)

   Dex:       It affects your dexterity (+2).
   Harm:      It increases damage dealt and taken.
   Stlth:     It makes you less stealthy.
Jewellery
 q - a +6 ring of dexterity (left claw)
Scrolls
 f - 5 scrolls of identify {unknown}
 g - a scroll of teleportation {unknown}
 l - a scroll of fog {unknown}
 m - a scroll of blinking {unknown}
Potions
 d - a potion of might
 e - a potion of ambrosia {unknown}
 h - a potion of invisibility {unknown}
 i - a potion of heal wounds {unknown}
 k - a potion of curing {unknown}
 n - a potion of haste {unknown}
 o - a potion of degeneration {unknown}
 p - 2 potions of lignification {unknown}


   Skills:
 * Level 5.0 Fighting
 * Level 3.5 Axes
 + Level 3.5 Armour
 + Level 1.8 Dodging
 + Level 3.5 Shields


You had 5 spell levels left.
You didn't know any spells.
Your spell library contained the following spells:

 Spells                   Type           Power      Damage    Failure   Level
 Animate Skeleton         Necr           0%         N/A       75%         1
 Pain                     Necr           0%         1d4       75%         1
 Static Discharge         Conj/Air       0%         N/A       86%         2
 Vampiric Draining        Necr           0%         2d6       98%         3
 Animate Dead             Necr           0%         N/A       100%        4
 Borgnjor's Vile Clutch   Necr/Erth      0%         N/A       100%        5
 Lightning Bolt           Conj/Air       0%         1d11      100%        5
 Death Channel            Necr           0%         N/A       100%        6
 Maxwell's Capacitive Co  Air            0%         ∞         100%        8


Dungeon Overview and Level Annotations

Branches:
Dungeon (4/15)
 Temple: D:4-7

Altars:
Hepliaklqana

Shops:
D:2 [


Innate Abilities, Weirdness & Mutations

Your life essence is reduced to manifest your ancestor. (-10% HP)
You thrive by killing the living.
You are immune to poison.
You have sharp fingernails.
Your flesh is cold resistant. (rC+)
You are immune to negative energy. (rN+++)
You do not regenerate when monsters are visible.
You are immune to unholy pain and torment.


Message History

The worm bites you but does no damage.
You hit the worm. You freeze the worm.
The worm is severely wounded.
The gnoll hits you but does no damage.
You swap places.
Betty White hits the worm with a +0 dagger of draining.
Betty White drains the worm.
The worm dies!
Betty White hits the gnoll with a +0 dagger of draining.
Betty White drains the gnoll.
The gnoll dies!
Betty White barely misses the ogre.
You swap places.
The ogre barely misses you.
You hit the ogre. You freeze the ogre.
The ogre is moderately wounded.
The ogre hits you with a +0 giant club!!
* * * LOW HITPOINT WARNING * * *
Betty White hits the ogre with a +0 dagger of draining.
Betty White hits the ogre with a +0 dagger of draining.
Betty White drains the ogre.
Betty White casts a spell at the ogre.
The ogre resists with some effort.
Betty White hits the ogre with a +0 dagger of draining.
The ogre misses Betty White.
Betty White barely misses the ogre.
The ogre hits Betty White with a +0 giant club!!
Betty White casts a spell at the ogre.
The ogre resists with some effort.
Betty White points at the ogre and mumbles some strange words.
The ogre seems to slow down.
The ogre hits Betty White with a +0 giant club!
Betty White is destroyed!
The ogre shouts!
Unknown command.
You hit the ogre. You freeze the ogre.
The ogre is almost dead.
You hit the ogre. You freeze the ogre.
The ogre is almost dead.
The ogre hits you with a +0 giant club!
You die...

........# ........#
##### ........# #...#
......>.# #.#.#
........# #.#.#
).......# #.#.#
........# #.#.#
........# #.#O#
........# #.#@#
..O.....# #.#.#
..wR....# #.#.#
...g....# #.#.#
..#.##### #.#.#
###.########
#.#.#######
......O†...#
#..........
##.#######.#####.######
#.# #..O.R....#


You could see an ogre (slow, drained).

Vanquished Creatures
  A scorpion (D:4)
  A bullfrog skeleton (D:4)
  3 gnolls (D:4)
  3 adders
  4 worms
  A dart slug (D:3)
  8 orcs
  5 endoplasms
  3 giant cockroaches
  2 goblins (D:3)
  4 hobgoblins
  3 jackals (D:1)
  6 kobolds
  5 quokkas
  5 ball pythons
  3 bats
  3 frilled lizards
  13 rats
73 creatures vanquished.

Vanquished Creatures (collateral kills)
  A jelly (D:4)
  An iguana (D:4)
  3 gnolls (D:4)
  An adder (D:2)
  An adder skeleton (D:4)
  A worm (D:4)
  An orc (D:4)
  A goblin (D:3)
  A hobgoblin (D:3)
  A kobold (D:3)
  3 quokkas
  2 bats
  2 frilled lizards
  A rat (D:2)
20 creatures vanquished.

Vanquished Creatures (others)
  A hexer (D:4)
  2 plants (D:2)
3 creatures vanquished.

Grand Total: 96 creatures vanquished

Notes
Turn   | Place    | Note
-------+----------+-------------------------------------------
     0 | D:1      | HallandMoats the Ghoul Fighter began the quest for the Orb.
     0 | D:1      | Reached XP level 1. HP: 19/19 MP: 0/0
   133 | D:1      | Reached XP level 2. HP: 26/26 MP: 1/1
   151 | D:1      | Found a faded altar of an unknown god.
   167 | D:1      | Prayed at the altar of an unknown god.
   167 | D:1      | Became a worshipper of Hepliaklqana the Forgotten
   167 | D:1      | Reached * piety under Hepliaklqana
   585 | D:1      | Reached XP level 3. HP: 27/27 MP: 2/2
   928 | D:2      | Found Ikhlot's Antique Armour Emporium.
   972 | D:2      | Reached ** piety under Hepliaklqana
   976 | D:2      | Remembered your ancestor Betty White as a hexer
  1201 | D:2      | Reached XP level 4. HP: 35/36 MP: 3/3
  1494 | D:2      | Reached skill level 1 in Dodging
  1517 | D:2      | Reached skill level 4 in Fighting
  2562 | D:4      | Reached XP level 5. HP: 15/41 MP: 4/4
  2982 | D:4      | Identified the +4 ring mail of Serac {Harm Dex+2 Stlth-}
  3132 | D:4      | Reached *** piety under Hepliaklqana
  3323 | D:4      | Reached XP level 6. HP: 21/47 MP: 5/5
  3828 | D:4      | Reached skill level 5 in Fighting
  3882 | D:4      | Slain by an ogre

Illustrated notes

Levels and vault maps discovered:
D:1:      dpeg_arrival_fog, layout_basic, basic_ecumenical_altar,
          minmay_rat_gold_closets
D:2:      layout_rooms, serial_shops, nicolae_shop_overgrown_old_shop
D:3:      layout_loops_ring, minmay_misc_feat_plants, hangedman_decor_slide_cut
D:4:      layout_basic

Skill      XL: |  1  2  3  4  5  6 |
---------------+-------------------+-----
Axes           | 2 3 |  3.5
Shields        | 3 |  3.5
Armour         | 3 |  3.5
Dodging        | 1 |  1.8
Fighting       | 4 5 |  5.0

Action                   |  1- 3 |  4- 6 || total
-------------------------+-------+-------++-------
Melee: War axe           |    53 |       ||    53
       Dagger            |    40 |   241 ||   281
Invok: Ancestor Identity |     1 |       ||     1
       Ancestor Life: He |     1 |       ||     1
 Stab: Confused          |       |     3 ||     3
       Distracted        |       |     4 ||     4
Armor: Scale mail        |    37 |    41 ||    78
       Ring mail         |       |    27 ||    27
Dodge: Dodged            |    43 |    94 ||   137
Block: Buckler           |    14 |    36 ||    50

Table legend: (Time is in decaauts)
 A = Elapsed time spent in this place.
 B = Non-inter-level travel time spent in this place.
 C = Inter-level travel time spent in this place.
 D = Time resting spent in this place.
 E = Time spent auto-exploring this place.
 F = Levels seen in this place.
 G = Mean time per level.
                   A        B        C        D        E       F      G
               +--------+--------+--------+--------+--------+-----+--------+
         Total |   3916 |   3853 |     63 |    357 |   2749 |   4 |  979.0 |
       Dungeon |   3916 |   3853 |     63 |    357 |   2749 |   4 |  979.0 |
               +--------+--------+--------+--------+--------+-----+--------+

Top non-repeatable levels by time:
     D:4: 1196 daAuts
     D:1: 951 daAuts
     D:3: 924 daAuts
     D:2: 845 daAuts
